 Dungeon Crawl Stone Soup version 0.31-a0-841-g038b102fc3 (webtiles) character file.

Game seed: 7681733658533883078

7 Bravepunisher the Ducker (level 1, 0/11 HPs)
             Began as a Spriggan Monk on Sept 27, 2023.
             Was a Believer of Makhleb.
             Frozen to death by an endoplasm (5 damage)
             ... on level 4 of the Dungeon.
             The game lasted 00:02:18 (380 turns).

Bravepunisher the Ducker (Spriggan Monk)             Turns: 380, Time: 00:02:18

Health: 0/11       AC:  2    Str:  7    XL:     1   Next: 83%
Magic:  2/2        EV: 24    Int: 11    God:    Makhleb [**....]
Gold:   0          SH:  0    Dex: 17    Spells: 0/0 levels left

rFire   . . .        a - +0 short sword
rCold   . . .        (no shield)
rNeg    . . .        b - +0 robe
rPois   .            (helmet restricted)
rElec   .            (no cloak)
rCorr   .            (gloves unavailable)
SInv    +            (boots unavailable)
Will    .....        (no amulet)
Stlth   ++           e - +5 ring of evasion
HPRegen 0.21/turn    (no ring)
MPRegen 0.08/turn

%: no passive effects
@: very quick
A: very small, no large weapons, unfitting armour, see invisible, speed 3
a: Renounce Religion, Minor Destruction


You were on level 4 of the Dungeon.
You worshipped Makhleb.
Makhleb was pleased with you.
You visited 2 branches of the dungeon, and saw 5 of its levels.

Inventory:

Hand Weapons
 a - a +0 short sword (weapon)
Armour
 b - a +0 robe (worn)
Jewellery
 e - a +5 ring of evasion (left hand)
Scrolls
 d - a scroll of fog {unknown}
 f - a scroll of teleportation {unknown}
 h - a scroll of vulnerability {unknown}
Potions
 c - a potion of ambrosia
 g - a potion of brilliance {unknown}


   Skills:
 + Level 2.7 Fighting
 - Level 3.2 Short Blades
 + Level 4.2 Dodging
 * Level 0.0 Invocations


You couldn't memorise any spells.
You didn't know any spells.
Your spell library contained the following spells:

 Spells                   Type           Power      Damage    Failure   Level
 Ensorcelled Hibernation  Hex/Ice        0%         N/A       47%         2
 Passwall                 Tmut/Erth      0%         N/A       47%         2
 Swiftness                Air            0%         N/A       71%         3


Dungeon Overview and Level Annotations

Branches:
Dungeon (4/15)             Temple (1/1) D:4

Altars:
Ashenzari
Cheibriados
Dithmenos
Fedhas
Gozag
Hepliaklqana
Kikubaaqudgha
Makhleb
Nemelex Xobeh
Okawaru
Qazlal
Ru
Sif Muna
Trog
Uskayaw
Vehumet
Wu Jian
Xom
Yredelemnul
Zin
The Shining One

Annotations:
D:4 Edmund


Innate Abilities, Weirdness & Mutations

You are very small and have problems with some larger weapons.
You are too small for most types of armour.
You have supernaturally acute eyesight. (SInv)
You cover ground extremely quickly. (Speed+++)


Message History

There is a hide-covered altar of Uskayaw here.
Found three altars.
There is a basalt altar of Yredelemnul here.
Found three altars.
There is a stormy altar of Qazlal here.
There is a burning altar of Makhleb here.
You kneel at the altar of Makhleb.
Makhleb welcomes you!
You can now gain health from killing.
You can now harness Makhleb's destructive might.
There is a bloodstained altar of Trog here.
There is a snail-covered altar of Cheibriados here.
There is a glowing golden altar of the Shining One here.
There is a shimmering altar of Xom here.
There is an open door here.
There is a staircase back to the Dungeon here.
You climb upwards.
Welcome back to the Dungeon!
You hear the hiss of flowing sand.
There is an entrance to an ossuary on this level.
Hurry and find it before the portal is buried!
Level annotation: Edmund You hear the slow hiss of a distant avalanche of sand.
Edmund hits you with a +2 flail of holy wrath!
Ouch! That really hurt!
* * * LOW HITPOINT WARNING * * *
Edmund misses you.
There is a staircase to the Ecumenical Temple here.
As you open the door, it creaks loudly!
You hear a shout! x3
There is an open door here.
A giant cockroach comes into view.
Edmund asks, "Have you met my wondrous brother?"
The orc shouts!
An endoplasm comes into view.
The endoplasm quivers.
You see here a +0 chain mail.
The endoplasm hits you. The endoplasm completely misses you.
There is a stone staircase leading up here.
The endoplasm freezes you.
You are frozen.
You die...

#.. ..... ..... ..
##.##.............
...###...#.............
#.#...................
##...#.................
##...........##..#.##.#
....>...........##.##.##
..............#..$.##.#.
.......@J...[......##.#@
.................#.##...
.................o.#..##
........)......#........
...)....................
............#...........
..#..?..######.##.......
.##..##.# #.##......>
#.. #. #.###......


You could see an endoplasm.

Vanquished Creatures
  A dart slug (D:2)
  2 bats (D:2)
  2 rats
5 creatures vanquished.

Notes
Turn   | Place    | Note
-------+----------+-------------------------------------------
     0 | D:1      | Bravepunisher the Spriggan Monk began the quest for the
                  | Orb.
     0 | D:1      | Reached XP level 1. HP: 11/11 MP: 2/2
   209 | D:3      | Noticed a scorpion
   235 | D:4      | Noticed an orc wizard
   248 | D:4      | Noticed Edmund
   250 | D:4      | Noticed an iguana
   265 | D:4      | Found a staircase to the Ecumenical Temple.
   271 | Temple   | Entered the Ecumenical Temple
   310 | Temple   | Became a worshipper of Makhleb the Destroyer
   310 | Temple   | Reached * piety under Makhleb
   310 | Temple   | Reached ** piety under Makhleb
   380 | D:4      | Frozen to death by an endoplasm

Illustrated notes

Levels and vault maps discovered:
D:1:      spicycebolla_arrival_clurvy, layout_basic, serial_curves,
          eino_curves_02, eino_curves_03
D:2:      layout_rooms
D:3:      layout_loops_corners, portal_sewer_entry_a, minmay_misc_feat_iff
D:4:      layout_rooms, temple_green, enter_ossuary_2, uniq_edmund
Temple:   kilobyte_greek_temple

Action                     || total
---------------------------++-------
  Melee: Short sword       ||    22
 Armour: Robe              ||     9
  Dodge: Dodged            ||    30

Table legend: (Time is in decaauts)
 A = Elapsed time spent in this place.
 B = Non-inter-level travel time spent in this place.
 C = Inter-level travel time spent in this place.
 D = Time resting spent in this place.
 E = Time spent auto-exploring this place.
 F = Levels seen in this place.
 G = Mean time per level.
                   A        B        C        D        E       F      G
               +--------+--------+--------+--------+--------+-----+--------+
         Total |    247 |    191 |     56 |      0 |     11 |   5 |   49.4 |
       Dungeon |    199 |    189 |     10 |      0 |     11 |   4 |   49.8 |
        Temple |     48 |      3 |     45 |      0 |      0 |   1 |   48.0 |
               +--------+--------+--------+--------+--------+-----+--------+

Top non-repeatable levels by time:
     D:2: 88 daAuts
  Temple: 48 daAuts
     D:4: 42 daAuts
     D:1: 40 daAuts
     D:3: 28 daAuts
